 Dungeon Crawl Stone Soup version 0.16.1-7-g2c6721e (webtiles) character file.

3038 Chiseanne the Grappler (level 9, -13/67 HPs)
             Began as a Demonspawn Monk on Mar 29, 2015.
             Was a High Priest of Cheibriados.
             Mangled by a hill giant
             ... wielding a +0 giant club
              (16 damage)
             ... on level 9 of the Dungeon.
             The game lasted 00:30:42 (8380 turns).

Chiseanne the Grappler (Demonspawn Monk)            Turns: 8380, Time: 00:30:43

Health: -13/67     AC: 11    Str: 30    XL:     9   Next: 56%
Magic:  12/17      EV: 15    Int: 25    God:    Cheibriados [*****.]
Gold:   518        SH:  7    Dex: 33    Spells: 1 memorised, 7 levels left

rFire  . . .     SeeInvis .       - Unarmed
rCold  . . .     Clarity  .     A - +2 scale mail {rPois}
rNeg   + . .     SustAb   .     s - +0 buckler
rPois  +         Gourm    .     (no helmet)
rElec  .         Spirit   .     (no cloak)
rCorr  .         Warding  +     (no gloves)
rMut   .         Stasis   .     J - +0 pair of boots
MR     .....                    o - amulet of warding
Stlth  +++.......               (no ring)
                                k - +5 ring of slaying

@: very slow, not resistant to hostile enchantments, fairly stealthy
A: claws 2, thin skeletal structure 2, demonic guardian 1
a: Bend Time, Temporal Distortion, Slouch, Step From Time, Renounce Religion


You were on level 9 of the Dungeon.
You worshipped Cheibriados.
Cheibriados was extremely pleased with you.
You were hungry.

You visited 1 branch of the dungeon, and saw 9 of its levels.

You collected 518 gold pieces.

Inventory:

Hand weapons
 a - a +1 flail
Missiles
 d - 20 silver bolts
 g - 18 bolts of flame
 m - 31 poisoned needles
 n - 21 sling bullets
 r - 8 tomahawks (quivered)
 t - 14 sling bullets of frost
 v - 134 arrows
 w - 4 curare-tipped needles
Armour
 s - a +0 buckler (worn)
 A - a +2 scale mail of poison resistance (worn)
 J - a +0 pair of boots (worn)
Jewellery
 k - a +5 ring of slaying (left claw)
 o - an amulet of warding (around neck)
 p - an uncursed amulet of resist mutation {unknown}
 z - an uncursed ring of ice {unknown}
 B - an uncursed amulet of rage
 F - an uncursed amulet of rage
Magical devices
 e - a wand of digging (12)
 y - a wand of disintegration (0)
 H - a wand of digging (11)
Scrolls
 h - a scroll of fog
 u - 4 scrolls of remove curse
 x - 4 scrolls of magic mapping
Potions
 c - 2 potions of restore abilities
 f - 3 potions of brilliance
 i - a potion of curing
 I - 3 potions of poison {unknown}
Books
 l - a book of Necromancy

   Spells                             Type                      Level
   a - Pain                           Necromancy                   1
   b - Animate Skeleton               Necromancy                   1
   c - Vampiric Draining              Necromancy                   3
   d - Regeneration                   Charms/Necromancy            3
   e - Animate Dead                   Necromancy                   4
   f - Control Undead                 Necromancy                   4
 q - a book of Annihilations {highlevel, unknown}

   This book is beyond your current level of understanding.

   Spells                             Type                      Level
   a - Poison Arrow                   Conjuration/Poison           6
   b - Chain Lightning                Conjuration/Air              8
   c - Lehudib's Crystal Spear        Conjuration/Earth            8
   d - Glaciate                       Conjuration/Ice              9
   e - Fire Storm                     Conjuration/Fire             9
Comestibles
 b - 6 bread rations
 j - 9 meat rations
 D - a beef jerky
 G - 29 fruits


   Skills:
 - Level 4.9 Fighting
 * Level 6.4 Armour
 - Level 4.0 Dodging
 - Level 1.7 Stealth
 * Level 3.6 Shields
 * Level 8.3 Unarmed Combat
 * Level 5.3 Invocations


You had 7 spell levels left.
You knew the following spells:

 Your Spells              Type           Power        Failure   Level  Hunger
a - Animate Skeleton      Necr           N/A          28%         1    ##.....


Dungeon Overview and Level Annotations

Branches:
Dungeon (9/15)             Temple (0/1) D:5
   Lair: D:8-11         Orc: D:9-12

Altars:
Cheibriados
Okawaru
Qazlal
Trog


Innate Abilities, Weirdness & Mutations

You have very sharp fingernails.
You have a moderately thin skeletal structure (Dex +4, Stealth+).
A weak demonic guardian rushes to your aid.


Message History

The hill giant is no longer bleeding.
The two-headed ogre hits your iron imp with a dire flail.
The two-headed ogre hits your iron imp with a giant club!
Your iron imp dies!
The hill giant hits you with a giant club.
* * * LOW HITPOINT WARNING * * *
Read which item? (? for menu, Esc to quit)
Okay, then.
Use which ability? (? or * to list)
You fail to use your ability.
The hill giant completely misses you.
Use which ability? (? or * to list)
You can feel time thicken for a moment.
You kill the giant frog!
Cheibriados thoroughly appreciates the change of pace.
You feel somewhat more hungry.
Cheibriados reduces the support of your attributes as your movement quickens.
Use which ability? (? or * to list)
You fail to use your ability.
The hill giant hits you with a giant club!
You die...

#...'...+....#.. ..
#...#...#....+..
...#+#####...#+###.##.##.
........#.#.......#+##.##.
........+.+.......# ..#..
........#.#.......+ +..
.........#.##'#....# ###+
#..†#.##.#....<.. ....
+..OC@...+....... ....
#...####.#...... ....
###.. #.#....# ###+# +..
..#.... ..... #... ..+.
..... #... +## ...# ###..
#.# ##+###.. #.......


You could see a hill giant and a two-headed ogre.

Vanquished Creatures
  Maurice (D:8)
  A hungry ghost (D:7)
  3 ice beasts
  4 orc warriors
  A black bear (D:7)
  A sky beast (D:7)
  2 centaurs (D:7)
  A big kobold (D:8)
  A wyvern zombie (D:9)
  A giant frog (D:9)
  2 scorpions
  9 wights
  3 jellies
  A quasit (D:8)
  A crimson imp (D:6)
  4 orc priests
  A centaur skeleton (D:6)
  11 orc wizards
  A hound (D:7)
  4 worker ants
  An iguana (D:7)
  Terence (D:3)
  A worker ant zombie (D:5)
  A hound skeleton (D:7)
  9 adders
  2 giant mites
  4 worms
  An adder skeleton (D:7)
  An adder zombie (D:7)
  3 oozes
  27 orcs
  3 bat skeletons
  3 giant cockroaches
  7 hobgoblins
  4 jackals
  12 kobolds
  7 quokkas
  3 ball pythons
  10 bats
  2 giant geckos
  4 giant newts
  13 goblins
  A quokka skeleton (D:4)
  21 rats
  4 ballistomycetes (D:7)
198 creatures vanquished.

Vanquished Creatures (collateral kills)
  Edmund (D:6)
  A giant frog (D:6)
  A bat skeleton (D:8)
  A rat (D:7)
4 creatures vanquished.

Vanquished Creatures (others)
  2 quasits
  6 crimson imps
  5 iron imps
  4 white imps
  6 ufetubi
  A giant newt (D:5)
  A giant spore (D:7)
25 creatures vanquished.

Grand Total: 227 creatures vanquished

Notes
Turn   | Place    | Note
--------------------------------------------------------------
     0 | D:1      | Chiseanne, the Demonspawn Monk, began the quest for the Orb.
     0 | D:1      | Reached XP level 1. HP: 18/18 MP: 1/1
   679 | D:1      | Gained mutation: You have sharp fingernails. [demonic ancestry]
   679 | D:1      | Reached XP level 2. HP: 20/24 MP: 2/2
  1349 | D:2      | Found a snail-covered altar of Cheibriados.
  1401 | D:2      | Became a worshipper of Cheibriados the Contemplative
  1401 | D:2      | Acquired Cheibriados' first power
  1449 | D:2      | Gained mutation: A weak demonic guardian rushes to your aid. [demonic ancestry]
  1449 | D:2      | Reached XP level 3. HP: 10/29 MP: 3/3
  2044 | D:2      | Reached skill level 4 in Unarmed Combat
  2405 | D:2      | Reached skill level 1 in Invocations
  2444 | D:3      | Gained mutation: You have a somewhat thin skeletal structure (Dex +2, Stealth). [demonic ancestry]
  2444 | D:3      | Reached XP level 4. HP: 12/35 MP: 4/4
  2761 | D:3      | Acquired Cheibriados' second power
  3116 | D:3      | Reached XP level 5. HP: 23/42 MP: 6/6
  3364 | D:3      | Found a bloodstained altar of Trog.
  3463 | D:3      | Found an iron altar of Okawaru.
  3466 | D:3      | Acquired Cheibriados' third power
  3504 | D:3      | Noticed Terence
  3515 | D:3      | Killed Terence
  4333 | D:4      | Reached skill level 5 in Unarmed Combat
  4333 | D:4      | Gained mutation: You have very sharp fingernails. [demonic ancestry]
  4333 | D:4      | Reached XP level 6. HP: 41/48 MP: 7/7
  4513 | D:4      | Acquired Cheibriados' fourth power
  4621 | D:5      | Entered Level 5 of the Dungeon
  4697 | D:5      | Found a stormy altar of Qazlal.
  4755 | D:5      | Reached skill level 1 in Armour
  4772 | D:5      | Found a staircase to the Ecumenical Temple.
  5486 | D:6      | Gained mutation: You have a moderately thin skeletal structure (Dex +4, Stealth+). [demonic ancestry]
  5486 | D:6      | Reached XP level 7. HP: 38/55 MP: 9/9
  5604 | D:6      | Noticed Edmund
  5611 | D:6      | Killed Edmund
  5749 | D:6      | Learned a level 1 spell: Animate Skeleton
  6159 | D:6      | Reached skill level 6 in Unarmed Combat
  6346 | D:7      | Reached XP level 8. HP: 56/61 MP: 10/12
  6363 | D:7      | Reached skill level 1 in Shields
  6851 | D:7      | Reached skill level 7 in Unarmed Combat
  6856 | D:7      | Reached skill level 5 in Armour
  7376 | D:8      | Reached XP level 9. HP: 67/67 MP: 16/16
  7398 | D:8      | Noticed Maurice
  7687 | D:8      | Killed Maurice
  7774 | D:8      | Reached skill level 8 in Unarmed Combat
  8027 | D:8      | Reached skill level 5 in Invocations
  8373 | D:9      | Noticed a hill giant
  8377 | D:9      | HP: 2/67 [hill giant/giant club (3)]
  8380 | D:9      | Mangled by a hill giant

Action                   |  1- 3 |  4- 6 |  7- 9 || total
-------------------------+-------+-------+-------++-------
Melee: Unarmed           |   141 |   185 |   197 ||   523
Throw: Tomahawk          |       |       |     2 ||     2
Invok: Bend Time         |       |     1 |     3 ||     4
       Slouch            |       |       |     2 ||     2
Evoke: Wand              |       |     1 |       ||     1
  Use: Scroll            |     2 |    10 |     9 ||    21
       Potion            |     1 |       |     4 ||     5
 Stab: Sleeping          |     2 |     6 |     4 ||    12
  Eat: Chunk             |     2 |     7 |     6 ||    15
       Beef jerky        |     1 |       |       ||     1
